 Dungeon Crawl Stone Soup version 0.31-a0-640-g39d97e502b (webtiles) character file.

Game seed: 14321781049987089518

84 rvierbuc the Chiller (level 4, -4/30 HPs)
             Began as a Demonspawn Ice Elementalist on Aug 27, 2023.
             Slain by a gnoll
             ... wielding a +0 flail
              (10 damage)
             ... on level 3 of the Dungeon.
             The game lasted 00:04:31 (2266 turns).

rvierbuc the Chiller (Demonspawn Ice Elementalist)  Turns: 2266, Time: 00:04:32

Health: -4/30      AC:  2    Str:  9    XL:     4   Next: 23%
Magic:  8/8        EV: 12    Int: 18    God:
Gold:   102        SH:  0    Dex: 13    Spells: 7/8 levels left

rFire   . . .        (no weapon)
rCold   . . .        (no shield)
rNeg    . . .        a - +0 robe
rPois   .            (no helmet)
rElec   .            (no cloak)
rCorr   .            (no gloves)
SInv    .            (no boots)
Will    .....        (no amulet)
Stlth   ++           (no ring)
HPRegen 0.25/turn    (no ring)
MPRegen 0.11/turn

%: no passive effects
@: no status effects
A: powered by pain 1, demonic touch 2
a: no special abilities


You were on level 3 of the Dungeon.
You visited 1 branch of the dungeon, and saw 4 of its levels.

You collected 102 gold pieces.

Inventory:

Missiles
 e - 3 javelins
Armour
 a - a +0 robe (worn)
 k - a +0 helmet
Talismans
 g - a serpent talisman
Wands
 i - a wand of acid (8)
Scrolls
 d - a scroll of identify {unknown}
 h - a scroll of teleportation {unknown}
 l - a scroll of enchant weapon {unknown}
Potions
 b - a potion of magic
 c - a potion of berserk rage {unknown}
 f - a potion of curing {unknown}
 j - a potion of mutation {unknown}
 m - 2 potions of haste {unknown}
 n - 2 potions of degeneration {unknown}


   Skills:
 + Level 2.4 Dodging
 + Level 2.6 Stealth
 + Level 2.7 Spellcasting
 + Level 4.1 Ice Magic


You had 7 spell levels left.
You knew the following spells:

 Your Spells              Type           Power      Damage    Failure   Level
a - Freeze                Ice            68%        1d8       3%          1

Your spell library contained the following spells:

 Spells                   Type           Power      Damage    Failure   Level
 Frozen Ramparts          Ice            34%        1d6       10%         3
 Ozocubu's Armour         Ice            17%        N/A       10%         3
 Sandblast                Erth           4%         2d4       17%         1
 Passwall                 Tmut/Erth      1%         N/A       26%         2
 Stone Arrow              Conj/Erth      4%         3d7       45%         3
 Summon Ice Beast         Ice/Summ       9%         N/A       58%         4


Dungeon Overview and Level Annotations

Branches:
Dungeon (4/15)
 Temple: D:4-7

Altars:
Makhleb


Innate Abilities, Weirdness & Mutations

You sometimes gain a little power by taking damage.
Your touch may inflict irresistible damage on your foes.


Message History

The gnoll is heavily wounded.
The gnoll barely misses you.
You freeze the gnoll.
The gnoll is severely wounded.
The bat hits you but does no damage. The gnoll hits you with a +0 whip.
A gnoll comes into view. It is wielding a +0 flail.
You freeze the gnoll.
The gnoll is almost dead.
The bat misses you. The gnoll barely misses you.
You freeze the gnoll.
You kill the gnoll!
The bat closely misses you.
You are out of magic!
The bat closely misses you.
You closely miss the bat.
You touch the bat.
You kill the bat!
A giant cockroach comes into view.
You see here 9 gold pieces.
You now have 102 gold pieces (gained 9).
You freeze the gnoll!
The gnoll is heavily wounded.
The gnoll hits you with a +0 flail!
You focus on the pain.
You feel your power returning.
You hit the gnoll.
The gnoll is severely wounded.
The gnoll closely misses you.
You barely miss the gnoll.
The gnoll is severely wounded.
The gnoll closely misses you.
You hit the gnoll but do no damage.
The gnoll is severely wounded.
The gnoll closely misses you.
You barely miss the gnoll.
The gnoll is severely wounded.
The gnoll hits you with a +0 flail.
* * * LOW HITPOINT WARNING * * *
You hit the gnoll but do no damage.
The gnoll is severely wounded.
The gnoll hits you with a +0 flail!
You die...

.####..# ##.###...
.....#.### #.# #...
#..<...####># #...
###### #..........# ##.(
#.....##.....)##..### ..
.......#.<<....##...# ..
........#.#.##..#...#...
........g......^.......
.B.....@#.#..#..)...#..
........#..#.##.....#...
........##<...##....# ..
........####...#.....#
.......## ###....#...#
#.....# ........# ######
.........


You could see a gnoll and a giant cockroach.

Vanquished Creatures
  2 gnolls (D:3)
  2 adders (D:2)
  A dart slug (D:1)
  A bat (D:3)
  6 endoplasms
  7 goblins
  3 hobgoblins (D:2)
  4 jackals (D:2)
  2 kobolds (D:1)
  2 quokkas
  5 ball pythons
  A frilled lizard (D:1)
  4 rats
40 creatures vanquished.

Notes
Turn   | Place    | Note
-------+----------+-------------------------------------------
     0 | D:1      | rvierbuc the Demonspawn Ice Elementalist began the quest
                  | for the Orb.
     0 | D:1      | Reached XP level 1. HP: 13/13 MP: 3/3
   251 | D:1      | Gained mutation: Your touch may inflict minor irresistible
                  | damage on your foes. [demonic ancestry]
   251 | D:1      | Reached XP level 2. HP: 16/19 MP: 0/5
  1244 | D:2      | Found a burning altar of Makhleb.
  1338 | D:2      | You fall into a shaft and drop 2 floors!
  1375 | D:4      | Gained mutation: Your touch may inflict irresistible damage
                  | on your foes. [demonic ancestry]
  1375 | D:4      | Reached XP level 3. HP: 24/24 MP: 2/6
  2063 | D:2      | Reached skill level 4 in Ice Magic
  2238 | D:3      | Gained mutation: You sometimes gain a little power by
                  | taking damage. [demonic ancestry]
  2238 | D:3      | Reached XP level 4. HP: 25/30 MP: 4/8
  2266 | D:3      | Slain by a gnoll

Illustrated notes

Levels and vault maps discovered:
D:1:      dpeg_arrival_lava_temple_mockup, layout_basic,
          minmay_indecisive_spiral
D:2:      layout_basic, basic_altar, nicolae_eternal_life
D:3:      layout_rooms, grunt_temple_overflow_opulence
D:4:      layout_cave_pools, minmay_temple_entry_wispy

Skill      XL: |  1  2  3 |
---------------+----------+-----
Stealth        | 2 |  2.6
Dodging        | 2 |  2.4
Ice Magic      | 4 |  4.1
Spellcasting   | |  2.7

Action                     |  1- 3 |  4- 6 || total
---------------------------+-------+-------++-------
  Melee: Unarmed           |    10 |     6 ||    16
         Touch             |     4 |     1 ||     5
   Cast: Freeze            |    60 |     6 ||    66
 Armour: Robe              |     8 |     1 ||     9
  Dodge: Dodged            |    26 |     8 ||    34

Table legend: (Time is in decaauts)
 A = Elapsed time spent in this place.
 B = Non-inter-level travel time spent in this place.
 C = Inter-level travel time spent in this place.
 D = Time resting spent in this place.
 E = Time spent auto-exploring this place.
 F = Levels seen in this place.
 G = Mean time per level.
                   A        B        C        D        E       F      G
               +--------+--------+--------+--------+--------+-----+--------+
         Total |   2265 |   2107 |    158 |      0 |   1757 |   4 |  566.2 |
       Dungeon |   2265 |   2107 |    158 |      0 |   1757 |   4 |  566.2 |
               +--------+--------+--------+--------+--------+-----+--------+

Top non-repeatable levels by time:
     D:1: 1148 daAuts
     D:2: 972 daAuts
     D:3: 102 daAuts
     D:4: 42 daAuts
